%YAML 1.1
%TAG !u! tag:unity3d.com,2011:
--- !u!1 &8194782481761066663
GameObject:
  m_ObjectHideFlags: 0
  m_CorrespondingSourceObject: {fileID: 0}
  m_PrefabInstance: {fileID: 0}
  m_PrefabAsset: {fileID: 0}
  serializedVersion: 6
  m_Component:
  - component: {fileID: 8194782481761066660}
  - component: {fileID: 8194782480360109387}
  m_Layer: 0
  m_Name: AreaManager
  m_TagString: Untagged
  m_Icon: {fileID: 0}
  m_NavMeshLayer: 0
  m_StaticEditorFlags: 0
  m_IsActive: 1
--- !u!4 &8194782481761066660
Transform:
  m_ObjectHideFlags: 0
  m_CorrespondingSourceObject: {fileID: 0}
  m_PrefabInstance: {fileID: 0}
  m_PrefabAsset: {fileID: 0}
  m_GameObject: {fileID: 8194782481761066663}
  m_LocalRotation: {x: 0, y: 0, z: 0, w: 1}
  m_LocalPosition: {x: 0, y: 0, z: 0}
  m_LocalScale: {x: 1, y: 1, z: 1}
  m_Children:
  - {fileID: 389946157067824992}
  - {fileID: 389946158105374340}
  - {fileID: 389946156173604535}
  - {fileID: 389946156730333495}
  - {fileID: 389946158099336811}
  - {fileID: 389946156439213510}
  - {fileID: 359418747549277820}
  - {fileID: 389946158002757976}
  m_Father: {fileID: 0}
  m_RootOrder: 0
  m_LocalEulerAnglesHint: {x: 0, y: 0, z: 0}
--- !u!114 &8194782480360109387
MonoBehaviour:
  m_ObjectHideFlags: 0
  m_CorrespondingSourceObject: {fileID: 0}
  m_PrefabInstance: {fileID: 0}
  m_PrefabAsset: {fileID: 0}
  m_GameObject: {fileID: 8194782481761066663}
  m_Enabled: 1
  m_EditorHideFlags: 0
  m_Script: {fileID: 11500000, guid: 40d0ee86314351241a2e9875917ad049, type: 3}
  m_Name: 
  m_EditorClassIdentifier: 
  _currentIndex: 0
  _areaTriggers:
  - {fileID: 389946157067824990}
  - {fileID: 389946158105374394}
  - {fileID: 389946156173604489}
  - {fileID: 389946156730333449}
  - {fileID: 389946158099336789}
  - {fileID: 389946156439213560}
  - {fileID: 359418747549277762}
  - {fileID: 389946158002757990}
  CurrentArea: {fileID: 0}
--- !u!1001 &8082839533621081737
PrefabInstance:
  m_ObjectHideFlags: 0
  serializedVersion: 2
  m_Modification:
    m_TransformParent: {fileID: 8194782481761066660}
    m_Modifications:
    - target: {fileID: 3024947740685353460, guid: 962c9a97e4d4481459c0b134d75b9b79,
        type: 3}
      propertyPath: m_LocalPosition.x
      value: -7.09
      objectReference: {fileID: 0}
    - target: {fileID: 3024947740685353460, guid: 962c9a97e4d4481459c0b134d75b9b79,
        type: 3}
      propertyPath: m_LocalPosition.z
      value: -22.71
      objectReference: {fileID: 0}
    - target: {fileID: 8417485854657587402, guid: 962c9a97e4d4481459c0b134d75b9b79,
        type: 3}
      propertyPath: m_Name
      value: AreaTrigger (7)
      objectReference: {fileID: 0}
    - target: {fileID: 8417485854657587403, guid: 962c9a97e4d4481459c0b134d75b9b79,
        type: 3}
      propertyPath: _sheepsToPass.Array.size
      value: 0
      objectReference: {fileID: 0}
    - target: {fileID: 8417485854657587403, guid: 962c9a97e4d4481459c0b134d75b9b79,
        type: 3}
      propertyPath: _areaCamera
      value: 
      objectReference: {fileID: 0}
    - target: {fileID: 8417485854657587403, guid: 962c9a97e4d4481459c0b134d75b9b79,
        type: 3}
      propertyPath: _sheepsToPass.Array.data[0]
      value: 
      objectReference: {fileID: 0}
    - target: {fileID: 8417485854657587403, guid: 962c9a97e4d4481459c0b134d75b9b79,
        type: 3}
      propertyPath: _shepherd
      value: 
      objectReference: {fileID: 0}
    - target: {fileID: 8417485854657587403, guid: 962c9a97e4d4481459c0b134d75b9b79,
        type: 3}
      propertyPath: _shepherdWaypoint
      value: 
      objectReference: {fileID: 0}
    - target: {fileID: 8417485854657587403, guid: 962c9a97e4d4481459c0b134d75b9b79,
        type: 3}
      propertyPath: _sheepsToPass.Array.data[1]
      value: 
      objectReference: {fileID: 0}
    - target: {fileID: 8417485854657587403, guid: 962c9a97e4d4481459c0b134d75b9b79,
        type: 3}
      propertyPath: _gateRotationDegrees
      value: 138
      objectReference: {fileID: 0}
    - target: {fileID: 8417485854657587445, guid: 962c9a97e4d4481459c0b134d75b9b79,
        type: 3}
      propertyPath: m_LocalPosition.x
      value: -17.31
      objectReference: {fileID: 0}
    - target: {fileID: 8417485854657587445, guid: 962c9a97e4d4481459c0b134d75b9b79,
        type: 3}
      propertyPath: m_LocalPosition.y
      value: 0
      objectReference: {fileID: 0}
    - target: {fileID: 8417485854657587445, guid: 962c9a97e4d4481459c0b134d75b9b79,
        type: 3}
      propertyPath: m_LocalPosition.z
      value: -40.8
      objectReference: {fileID: 0}
    - target: {fileID: 8417485854657587445, guid: 962c9a97e4d4481459c0b134d75b9b79,
        type: 3}
      propertyPath: m_LocalRotation.x
      value: -0
      objectReference: {fileID: 0}
    - target: {fileID: 8417485854657587445, guid: 962c9a97e4d4481459c0b134d75b9b79,
        type: 3}
      propertyPath: m_LocalRotation.y
      value: 0.9946179
      objectReference: {fileID: 0}
    - target: {fileID: 8417485854657587445, guid: 962c9a97e4d4481459c0b134d75b9b79,
        type: 3}
      propertyPath: m_LocalRotation.z
      value: -0
      objectReference: {fileID: 0}
    - target: {fileID: 8417485854657587445, guid: 962c9a97e4d4481459c0b134d75b9b79,
        type: 3}
      propertyPath: m_LocalRotation.w
      value: -0.103611596
      objectReference: {fileID: 0}
    - target: {fileID: 8417485854657587445, guid: 962c9a97e4d4481459c0b134d75b9b79,
        type: 3}
      propertyPath: m_RootOrder
      value: 6
      objectReference: {fileID: 0}
    - target: {fileID: 8417485854657587445, guid: 962c9a97e4d4481459c0b134d75b9b79,
        type: 3}
      propertyPath: m_LocalEulerAnglesHint.x
      value: 0
      objectReference: {fileID: 0}
    - target: {fileID: 8417485854657587445, guid: 962c9a97e4d4481459c0b134d75b9b79,
        type: 3}
      propertyPath: m_LocalEulerAnglesHint.y
      value: 191.894
      objectReference: {fileID: 0}
    - target: {fileID: 8417485854657587445, guid: 962c9a97e4d4481459c0b134d75b9b79,
        type: 3}
      propertyPath: m_LocalEulerAnglesHint.z
      value: 0
      objectReference: {fileID: 0}
    m_RemovedComponents: []
  m_SourcePrefab: {fileID: 100100000, guid: 962c9a97e4d4481459c0b134d75b9b79, type: 3}
--- !u!4 &359418747549277820 stripped
Transform:
  m_CorrespondingSourceObject: {fileID: 8417485854657587445, guid: 962c9a97e4d4481459c0b134d75b9b79,
    type: 3}
  m_PrefabInstance: {fileID: 8082839533621081737}
  m_PrefabAsset: {fileID: 0}
--- !u!114 &359418747549277762 stripped
MonoBehaviour:
  m_CorrespondingSourceObject: {fileID: 8417485854657587403, guid: 962c9a97e4d4481459c0b134d75b9b79,
    type: 3}
  m_PrefabInstance: {fileID: 8082839533621081737}
  m_PrefabAsset: {fileID: 0}
  m_GameObject: {fileID: 0}
  m_Enabled: 1
  m_EditorHideFlags: 0
  m_Script: {fileID: 11500000, guid: 9eb7beca097d13c4e9693130107cf5ab, type: 3}
  m_Name: 
  m_EditorClassIdentifier: 
--- !u!1001 &8194782480465110686
PrefabInstance:
  m_ObjectHideFlags: 0
  serializedVersion: 2
  m_Modification:
    m_TransformParent: {fileID: 8194782481761066660}
    m_Modifications:
    - target: {fileID: 3024947740685353460, guid: 962c9a97e4d4481459c0b134d75b9b79,
        type: 3}
      propertyPath: m_LocalPosition.x
      value: -2.31
      objectReference: {fileID: 0}
    - target: {fileID: 3024947740685353460, guid: 962c9a97e4d4481459c0b134d75b9b79,
        type: 3}
      propertyPath: m_LocalPosition.z
      value: -22.77
      objectReference: {fileID: 0}
    - target: {fileID: 8417485854657587402, guid: 962c9a97e4d4481459c0b134d75b9b79,
        type: 3}
      propertyPath: m_Name
      value: AreaTrigger (5)
      objectReference: {fileID: 0}
    - target: {fileID: 8417485854657587403, guid: 962c9a97e4d4481459c0b134d75b9b79,
        type: 3}
      propertyPath: _sheepsToPass.Array.size
      value: 2
      objectReference: {fileID: 0}
    - target: {fileID: 8417485854657587403, guid: 962c9a97e4d4481459c0b134d75b9b79,
        type: 3}
      propertyPath: _sheepsToAddOnHerd.Array.size
      value: 2
      objectReference: {fileID: 0}
    - target: {fileID: 8417485854657587403, guid: 962c9a97e4d4481459c0b134d75b9b79,
        type: 3}
      propertyPath: _areaCamera
      value: 
      objectReference: {fileID: 0}
    - target: {fileID: 8417485854657587403, guid: 962c9a97e4d4481459c0b134d75b9b79,
        type: 3}
      propertyPath: _sheepsToPass.Array.data[0]
      value: 
      objectReference: {fileID: 0}
    - target: {fileID: 8417485854657587403, guid: 962c9a97e4d4481459c0b134d75b9b79,
        type: 3}
      propertyPath: _shepherd
      value: 
      objectReference: {fileID: 0}
    - target: {fileID: 8417485854657587403, guid: 962c9a97e4d4481459c0b134d75b9b79,
        type: 3}
      propertyPath: _shepherdWaypoint
      value: 
      objectReference: {fileID: 0}
    - target: {fileID: 8417485854657587403, guid: 962c9a97e4d4481459c0b134d75b9b79,
        type: 3}
      propertyPath: _sheepsToPass.Array.data[1]
      value: 
      objectReference: {fileID: 0}
    - target: {fileID: 8417485854657587445, guid: 962c9a97e4d4481459c0b134d75b9b79,
        type: 3}
      propertyPath: m_LocalPosition.x
      value: 17.67
      objectReference: {fileID: 0}
    - target: {fileID: 8417485854657587445, guid: 962c9a97e4d4481459c0b134d75b9b79,
        type: 3}
      propertyPath: m_LocalPosition.y
      value: 0
      objectReference: {fileID: 0}
    - target: {fileID: 8417485854657587445, guid: 962c9a97e4d4481459c0b134d75b9b79,
        type: 3}
      propertyPath: m_LocalPosition.z
      value: -128.52
      objectReference: {fileID: 0}
    - target: {fileID: 8417485854657587445, guid: 962c9a97e4d4481459c0b134d75b9b79,
        type: 3}
      propertyPath: m_LocalRotation.x
      value: -0
      objectReference: {fileID: 0}
    - target: {fileID: 8417485854657587445, guid: 962c9a97e4d4481459c0b134d75b9b79,
        type: 3}
      propertyPath: m_LocalRotation.y
      value: 0.42470375
      objectReference: {fileID: 0}
    - target: {fileID: 8417485854657587445, guid: 962c9a97e4d4481459c0b134d75b9b79,
        type: 3}
      propertyPath: m_LocalRotation.z
      value: -0
      objectReference: {fileID: 0}
    - target: {fileID: 8417485854657587445, guid: 962c9a97e4d4481459c0b134d75b9b79,
        type: 3}
      propertyPath: m_LocalRotation.w
      value: 0.9053324
      objectReference: {fileID: 0}
    - target: {fileID: 8417485854657587445, guid: 962c9a97e4d4481459c0b134d75b9b79,
        type: 3}
      propertyPath: m_RootOrder
      value: 4
      objectReference: {fileID: 0}
    - target: {fileID: 8417485854657587445, guid: 962c9a97e4d4481459c0b134d75b9b79,
        type: 3}
      propertyPath: m_LocalEulerAnglesHint.x
      value: 0
      objectReference: {fileID: 0}
    - target: {fileID: 8417485854657587445, guid: 962c9a97e4d4481459c0b134d75b9b79,
        type: 3}
      propertyPath: m_LocalEulerAnglesHint.y
      value: 50.264004
      objectReference: {fileID: 0}
    - target: {fileID: 8417485854657587445, guid: 962c9a97e4d4481459c0b134d75b9b79,
        type: 3}
      propertyPath: m_LocalEulerAnglesHint.z
      value: 0
      objectReference: {fileID: 0}
    m_RemovedComponents: []
  m_SourcePrefab: {fileID: 100100000, guid: 962c9a97e4d4481459c0b134d75b9b79, type: 3}
--- !u!4 &389946158099336811 stripped
Transform:
  m_CorrespondingSourceObject: {fileID: 8417485854657587445, guid: 962c9a97e4d4481459c0b134d75b9b79,
    type: 3}
  m_PrefabInstance: {fileID: 8194782480465110686}
  m_PrefabAsset: {fileID: 0}
--- !u!114 &389946158099336789 stripped
MonoBehaviour:
  m_CorrespondingSourceObject: {fileID: 8417485854657587403, guid: 962c9a97e4d4481459c0b134d75b9b79,
    type: 3}
  m_PrefabInstance: {fileID: 8194782480465110686}
  m_PrefabAsset: {fileID: 0}
  m_GameObject: {fileID: 0}
  m_Enabled: 1
  m_EditorHideFlags: 0
  m_Script: {fileID: 11500000, guid: 9eb7beca097d13c4e9693130107cf5ab, type: 3}
  m_Name: 
  m_EditorClassIdentifier: 
--- !u!1001 &8194782480467461745
PrefabInstance:
  m_ObjectHideFlags: 0
  serializedVersion: 2
  m_Modification:
    m_TransformParent: {fileID: 8194782481761066660}
    m_Modifications:
    - target: {fileID: 3024947740685353460, guid: 962c9a97e4d4481459c0b134d75b9b79,
        type: 3}
      propertyPath: m_LocalPosition.x
      value: 1.8
      objectReference: {fileID: 0}
    - target: {fileID: 3024947740685353460, guid: 962c9a97e4d4481459c0b134d75b9b79,
        type: 3}
      propertyPath: m_LocalPosition.z
      value: -19.58
      objectReference: {fileID: 0}
    - target: {fileID: 8417485854657587402, guid: 962c9a97e4d4481459c0b134d75b9b79,
        type: 3}
      propertyPath: m_Name
      value: AreaTrigger (2)
      objectReference: {fileID: 0}
    - target: {fileID: 8417485854657587403, guid: 962c9a97e4d4481459c0b134d75b9b79,
        type: 3}
      propertyPath: _sheepsToPass.Array.size
      value: 2
      objectReference: {fileID: 0}
    - target: {fileID: 8417485854657587403, guid: 962c9a97e4d4481459c0b134d75b9b79,
        type: 3}
      propertyPath: _sheepsToAddOnHerd.Array.size
      value: 2
      objectReference: {fileID: 0}
    - target: {fileID: 8417485854657587403, guid: 962c9a97e4d4481459c0b134d75b9b79,
        type: 3}
      propertyPath: _areaCamera
      value: 
      objectReference: {fileID: 0}
    - target: {fileID: 8417485854657587403, guid: 962c9a97e4d4481459c0b134d75b9b79,
        type: 3}
      propertyPath: _sheepsToPass.Array.data[0]
      value: 
      objectReference: {fileID: 0}
    - target: {fileID: 8417485854657587403, guid: 962c9a97e4d4481459c0b134d75b9b79,
        type: 3}
      propertyPath: _shepherd
      value: 
      objectReference: {fileID: 0}
    - target: {fileID: 8417485854657587403, guid: 962c9a97e4d4481459c0b134d75b9b79,
        type: 3}
      propertyPath: _shepherdWaypoint
      value: 
      objectReference: {fileID: 0}
    - target: {fileID: 8417485854657587403, guid: 962c9a97e4d4481459c0b134d75b9b79,
        type: 3}
      propertyPath: _sheepsToPass.Array.data[1]
      value: 
      objectReference: {fileID: 0}
    - target: {fileID: 8417485854657587403, guid: 962c9a97e4d4481459c0b134d75b9b79,
        type: 3}
      propertyPath: _gateRotationDegrees
      value: 138
      objectReference: {fileID: 0}
    - target: {fileID: 8417485854657587444, guid: 962c9a97e4d4481459c0b134d75b9b79,
        type: 3}
      propertyPath: m_Size.x
      value: 8
      objectReference: {fileID: 0}
    - target: {fileID: 8417485854657587445, guid: 962c9a97e4d4481459c0b134d75b9b79,
        type: 3}
      propertyPath: m_LocalPosition.x
      value: 70.35
      objectReference: {fileID: 0}
    - target: {fileID: 8417485854657587445, guid: 962c9a97e4d4481459c0b134d75b9b79,
        type: 3}
      propertyPath: m_LocalPosition.y
      value: 0.029999971
      objectReference: {fileID: 0}
    - target: {fileID: 8417485854657587445, guid: 962c9a97e4d4481459c0b134d75b9b79,
        type: 3}
      propertyPath: m_LocalPosition.z
      value: -50.58
      objectReference: {fileID: 0}
    - target: {fileID: 8417485854657587445, guid: 962c9a97e4d4481459c0b134d75b9b79,
        type: 3}
      propertyPath: m_LocalRotation.x
      value: -0
      objectReference: {fileID: 0}
    - target: {fileID: 8417485854657587445, guid: 962c9a97e4d4481459c0b134d75b9b79,
        type: 3}
      propertyPath: m_LocalRotation.y
      value: -0.42415532
      objectReference: {fileID: 0}
    - target: {fileID: 8417485854657587445, guid: 962c9a97e4d4481459c0b134d75b9b79,
        type: 3}
      propertyPath: m_LocalRotation.z
      value: -0
      objectReference: {fileID: 0}
    - target: {fileID: 8417485854657587445, guid: 962c9a97e4d4481459c0b134d75b9b79,
        type: 3}
      propertyPath: m_LocalRotation.w
      value: 0.9055895
      objectReference: {fileID: 0}
    - target: {fileID: 8417485854657587445, guid: 962c9a97e4d4481459c0b134d75b9b79,
        type: 3}
      propertyPath: m_RootOrder
      value: 1
      objectReference: {fileID: 0}
    - target: {fileID: 8417485854657587445, guid: 962c9a97e4d4481459c0b134d75b9b79,
        type: 3}
      propertyPath: m_LocalEulerAnglesHint.x
      value: 0
      objectReference: {fileID: 0}
    - target: {fileID: 8417485854657587445, guid: 962c9a97e4d4481459c0b134d75b9b79,
        type: 3}
      propertyPath: m_LocalEulerAnglesHint.y
      value: -50.194004
      objectReference: {fileID: 0}
    - target: {fileID: 8417485854657587445, guid: 962c9a97e4d4481459c0b134d75b9b79,
        type: 3}
      propertyPath: m_LocalEulerAnglesHint.z
      value: 0
      objectReference: {fileID: 0}
    m_RemovedComponents: []
  m_SourcePrefab: {fileID: 100100000, guid: 962c9a97e4d4481459c0b134d75b9b79, type: 3}
--- !u!4 &389946158105374340 stripped
Transform:
  m_CorrespondingSourceObject: {fileID: 8417485854657587445, guid: 962c9a97e4d4481459c0b134d75b9b79,
    type: 3}
  m_PrefabInstance: {fileID: 8194782480467461745}
  m_PrefabAsset: {fileID: 0}
--- !u!114 &389946158105374394 stripped
MonoBehaviour:
  m_CorrespondingSourceObject: {fileID: 8417485854657587403, guid: 962c9a97e4d4481459c0b134d75b9b79,
    type: 3}
  m_PrefabInstance: {fileID: 8194782480467461745}
  m_PrefabAsset: {fileID: 0}
  m_GameObject: {fileID: 0}
  m_Enabled: 1
  m_EditorHideFlags: 0
  m_Script: {fileID: 11500000, guid: 9eb7beca097d13c4e9693130107cf5ab, type: 3}
  m_Name: 
  m_EditorClassIdentifier: 
--- !u!1001 &8194782480502737325
PrefabInstance:
  m_ObjectHideFlags: 0
  serializedVersion: 2
  m_Modification:
    m_TransformParent: {fileID: 8194782481761066660}
    m_Modifications:
    - target: {fileID: 8417485854657587402, guid: 962c9a97e4d4481459c0b134d75b9b79,
        type: 3}
      propertyPath: m_Name
      value: AreaTrigger (8)
      objectReference: {fileID: 0}
    - target: {fileID: 8417485854657587403, guid: 962c9a97e4d4481459c0b134d75b9b79,
        type: 3}
      propertyPath: _sheepsToPass.Array.size
      value: 0
      objectReference: {fileID: 0}
    - target: {fileID: 8417485854657587403, guid: 962c9a97e4d4481459c0b134d75b9b79,
        type: 3}
      propertyPath: _areaCamera
      value: 
      objectReference: {fileID: 0}
    - target: {fileID: 8417485854657587403, guid: 962c9a97e4d4481459c0b134d75b9b79,
        type: 3}
      propertyPath: _sheepsToPass.Array.data[0]
      value: 
      objectReference: {fileID: 0}
    - target: {fileID: 8417485854657587403, guid: 962c9a97e4d4481459c0b134d75b9b79,
        type: 3}
      propertyPath: _shepherd
      value: 
      objectReference: {fileID: 0}
    - target: {fileID: 8417485854657587403, guid: 962c9a97e4d4481459c0b134d75b9b79,
        type: 3}
      propertyPath: _shepherdWaypoint
      value: 
      objectReference: {fileID: 0}
    - target: {fileID: 8417485854657587403, guid: 962c9a97e4d4481459c0b134d75b9b79,
        type: 3}
      propertyPath: _sheepsToPass.Array.data[1]
      value: 
      objectReference: {fileID: 0}
    - target: {fileID: 8417485854657587403, guid: 962c9a97e4d4481459c0b134d75b9b79,
        type: 3}
      propertyPath: _gateTransform
      value: 
      objectReference: {fileID: 0}
    - target: {fileID: 8417485854657587403, guid: 962c9a97e4d4481459c0b134d75b9b79,
        type: 3}
      propertyPath: _gateRotationDegrees
      value: 138
      objectReference: {fileID: 0}
    - target: {fileID: 8417485854657587445, guid: 962c9a97e4d4481459c0b134d75b9b79,
        type: 3}
      propertyPath: m_LocalPosition.x
      value: 15.74
      objectReference: {fileID: 0}
    - target: {fileID: 8417485854657587445, guid: 962c9a97e4d4481459c0b134d75b9b79,
        type: 3}
      propertyPath: m_LocalPosition.y
      value: 0.95
      objectReference: {fileID: 0}
    - target: {fileID: 8417485854657587445, guid: 962c9a97e4d4481459c0b134d75b9b79,
        type: 3}
      propertyPath: m_LocalPosition.z
      value: 3.02
      objectReference: {fileID: 0}
    - target: {fileID: 8417485854657587445, guid: 962c9a97e4d4481459c0b134d75b9b79,
        type: 3}
      propertyPath: m_LocalRotation.x
      value: -0
      objectReference: {fileID: 0}
    - target: {fileID: 8417485854657587445, guid: 962c9a97e4d4481459c0b134d75b9b79,
        type: 3}
      propertyPath: m_LocalRotation.y
      value: 0.99981433
      objectReference: {fileID: 0}
    - target: {fileID: 8417485854657587445, guid: 962c9a97e4d4481459c0b134d75b9b79,
        type: 3}
      propertyPath: m_LocalRotation.z
      value: -0
      objectReference: {fileID: 0}
    - target: {fileID: 8417485854657587445, guid: 962c9a97e4d4481459c0b134d75b9b79,
        type: 3}
      propertyPath: m_LocalRotation.w
      value: -0.019267013
      objectReference: {fileID: 0}
    - target: {fileID: 8417485854657587445, guid: 962c9a97e4d4481459c0b134d75b9b79,
        type: 3}
      propertyPath: m_RootOrder
      value: 7
      objectReference: {fileID: 0}
    - target: {fileID: 8417485854657587445, guid: 962c9a97e4d4481459c0b134d75b9b79,
        type: 3}
      propertyPath: m_LocalEulerAnglesHint.x
      value: 0
      objectReference: {fileID: 0}
    - target: {fileID: 8417485854657587445, guid: 962c9a97e4d4481459c0b134d75b9b79,
        type: 3}
      propertyPath: m_LocalEulerAnglesHint.y
      value: 182.208
      objectReference: {fileID: 0}
    - target: {fileID: 8417485854657587445, guid: 962c9a97e4d4481459c0b134d75b9b79,
        type: 3}
      propertyPath: m_LocalEulerAnglesHint.z
      value: 0
      objectReference: {fileID: 0}
    m_RemovedComponents: []
  m_SourcePrefab: {fileID: 100100000, guid: 962c9a97e4d4481459c0b134d75b9b79, type: 3}
--- !u!4 &389946158002757976 stripped
Transform:
  m_CorrespondingSourceObject: {fileID: 8417485854657587445, guid: 962c9a97e4d4481459c0b134d75b9b79,
    type: 3}
  m_PrefabInstance: {fileID: 8194782480502737325}
  m_PrefabAsset: {fileID: 0}
--- !u!114 &389946158002757990 stripped
MonoBehaviour:
  m_CorrespondingSourceObject: {fileID: 8417485854657587403, guid: 962c9a97e4d4481459c0b134d75b9b79,
    type: 3}
  m_PrefabInstance: {fileID: 8194782480502737325}
  m_PrefabAsset: {fileID: 0}
  m_GameObject: {fileID: 0}
  m_Enabled: 1
  m_EditorHideFlags: 0
  m_Script: {fileID: 11500000, guid: 9eb7beca097d13c4e9693130107cf5ab, type: 3}
  m_Name: 
  m_EditorClassIdentifier: 
--- !u!1001 &8194782481429546901
PrefabInstance:
  m_ObjectHideFlags: 0
  serializedVersion: 2
  m_Modification:
    m_TransformParent: {fileID: 8194782481761066660}
    m_Modifications:
    - target: {fileID: 3024947740685353460, guid: 962c9a97e4d4481459c0b134d75b9b79,
        type: 3}
      propertyPath: m_LocalPosition.x
      value: 4.73
      objectReference: {fileID: 0}
    - target: {fileID: 3024947740685353460, guid: 962c9a97e4d4481459c0b134d75b9b79,
        type: 3}
      propertyPath: m_LocalPosition.z
      value: -20.44
      objectReference: {fileID: 0}
    - target: {fileID: 8417485854657587402, guid: 962c9a97e4d4481459c0b134d75b9b79,
        type: 3}
      propertyPath: m_Name
      value: AreaTrigger (1)
      objectReference: {fileID: 0}
    - target: {fileID: 8417485854657587403, guid: 962c9a97e4d4481459c0b134d75b9b79,
        type: 3}
      propertyPath: _sheepsToAddOnHerd.Array.size
      value: 2
      objectReference: {fileID: 0}
    - target: {fileID: 8417485854657587403, guid: 962c9a97e4d4481459c0b134d75b9b79,
        type: 3}
      propertyPath: _gateRotationDegrees
      value: 138
      objectReference: {fileID: 0}
    - target: {fileID: 8417485854657587444, guid: 962c9a97e4d4481459c0b134d75b9b79,
        type: 3}
      propertyPath: m_Size.x
      value: 7.94
      objectReference: {fileID: 0}
    - target: {fileID: 8417485854657587445, guid: 962c9a97e4d4481459c0b134d75b9b79,
        type: 3}
      propertyPath: m_LocalPosition.x
      value: 15.62
      objectReference: {fileID: 0}
    - target: {fileID: 8417485854657587445, guid: 962c9a97e4d4481459c0b134d75b9b79,
        type: 3}
      propertyPath: m_LocalPosition.y
      value: 0.029999971
      objectReference: {fileID: 0}
    - target: {fileID: 8417485854657587445, guid: 962c9a97e4d4481459c0b134d75b9b79,
        type: 3}
      propertyPath: m_LocalPosition.z
      value: -33.45
      objectReference: {fileID: 0}
    - target: {fileID: 8417485854657587445, guid: 962c9a97e4d4481459c0b134d75b9b79,
        type: 3}
      propertyPath: m_LocalRotation.x
      value: -0
      objectReference: {fileID: 0}
    - target: {fileID: 8417485854657587445, guid: 962c9a97e4d4481459c0b134d75b9b79,
        type: 3}
      propertyPath: m_LocalRotation.y
      value: -0.38268343
      objectReference: {fileID: 0}
    - target: {fileID: 8417485854657587445, guid: 962c9a97e4d4481459c0b134d75b9b79,
        type: 3}
      propertyPath: m_LocalRotation.z
      value: -0
      objectReference: {fileID: 0}
    - target: {fileID: 8417485854657587445, guid: 962c9a97e4d4481459c0b134d75b9b79,
        type: 3}
      propertyPath: m_LocalRotation.w
      value: 0.92387956
      objectReference: {fileID: 0}
    - target: {fileID: 8417485854657587445, guid: 962c9a97e4d4481459c0b134d75b9b79,
        type: 3}
      propertyPath: m_RootOrder
      value: 0
      objectReference: {fileID: 0}
    - target: {fileID: 8417485854657587445, guid: 962c9a97e4d4481459c0b134d75b9b79,
        type: 3}
      propertyPath: m_LocalEulerAnglesHint.x
      value: 0
      objectReference: {fileID: 0}
    - target: {fileID: 8417485854657587445, guid: 962c9a97e4d4481459c0b134d75b9b79,
        type: 3}
      propertyPath: m_LocalEulerAnglesHint.y
      value: -45.000004
      objectReference: {fileID: 0}
    - target: {fileID: 8417485854657587445, guid: 962c9a97e4d4481459c0b134d75b9b79,
        type: 3}
      propertyPath: m_LocalEulerAnglesHint.z
      value: 0
      objectReference: {fileID: 0}
    m_RemovedComponents: []
  m_SourcePrefab: {fileID: 100100000, guid: 962c9a97e4d4481459c0b134d75b9b79, type: 3}
--- !u!4 &389946157067824992 stripped
Transform:
  m_CorrespondingSourceObject: {fileID: 8417485854657587445, guid: 962c9a97e4d4481459c0b134d75b9b79,
    type: 3}
  m_PrefabInstance: {fileID: 8194782481429546901}
  m_PrefabAsset: {fileID: 0}
--- !u!114 &389946157067824990 stripped
MonoBehaviour:
  m_CorrespondingSourceObject: {fileID: 8417485854657587403, guid: 962c9a97e4d4481459c0b134d75b9b79,
    type: 3}
  m_PrefabInstance: {fileID: 8194782481429546901}
  m_PrefabAsset: {fileID: 0}
  m_GameObject: {fileID: 0}
  m_Enabled: 1
  m_EditorHideFlags: 0
  m_Script: {fileID: 11500000, guid: 9eb7beca097d13c4e9693130107cf5ab, type: 3}
  m_Name: 
  m_EditorClassIdentifier: 
--- !u!1001 &8194782481775137218
PrefabInstance:
  m_ObjectHideFlags: 0
  serializedVersion: 2
  m_Modification:
    m_TransformParent: {fileID: 8194782481761066660}
    m_Modifications:
    - target: {fileID: 3024947740685353460, guid: 962c9a97e4d4481459c0b134d75b9b79,
        type: 3}
      propertyPath: m_LocalPosition.x
      value: 4.7
      objectReference: {fileID: 0}
    - target: {fileID: 3024947740685353460, guid: 962c9a97e4d4481459c0b134d75b9b79,
        type: 3}
      propertyPath: m_LocalPosition.z
      value: -22
      objectReference: {fileID: 0}
    - target: {fileID: 8417485854657587402, guid: 962c9a97e4d4481459c0b134d75b9b79,
        type: 3}
      propertyPath: m_Name
      value: AreaTrigger (4)
      objectReference: {fileID: 0}
    - target: {fileID: 8417485854657587403, guid: 962c9a97e4d4481459c0b134d75b9b79,
        type: 3}
      propertyPath: _sheepsToPass.Array.size
      value: 2
      objectReference: {fileID: 0}
    - target: {fileID: 8417485854657587403, guid: 962c9a97e4d4481459c0b134d75b9b79,
        type: 3}
      propertyPath: _sheepsToAddOnHerd.Array.size
      value: 2
      objectReference: {fileID: 0}
    - target: {fileID: 8417485854657587403, guid: 962c9a97e4d4481459c0b134d75b9b79,
        type: 3}
      propertyPath: _areaCamera
      value: 
      objectReference: {fileID: 0}
    - target: {fileID: 8417485854657587403, guid: 962c9a97e4d4481459c0b134d75b9b79,
        type: 3}
      propertyPath: _sheepsToPass.Array.data[0]
      value: 
      objectReference: {fileID: 0}
    - target: {fileID: 8417485854657587403, guid: 962c9a97e4d4481459c0b134d75b9b79,
        type: 3}
      propertyPath: _shepherd
      value: 
      objectReference: {fileID: 0}
    - target: {fileID: 8417485854657587403, guid: 962c9a97e4d4481459c0b134d75b9b79,
        type: 3}
      propertyPath: _shepherdWaypoint
      value: 
      objectReference: {fileID: 0}
    - target: {fileID: 8417485854657587403, guid: 962c9a97e4d4481459c0b134d75b9b79,
        type: 3}
      propertyPath: _sheepsToPass.Array.data[1]
      value: 
      objectReference: {fileID: 0}
    - target: {fileID: 8417485854657587403, guid: 962c9a97e4d4481459c0b134d75b9b79,
        type: 3}
      propertyPath: _gateRotationDegrees
      value: 138
      objectReference: {fileID: 0}
    - target: {fileID: 8417485854657587445, guid: 962c9a97e4d4481459c0b134d75b9b79,
        type: 3}
      propertyPath: m_LocalPosition.x
      value: 76.2
      objectReference: {fileID: 0}
    - target: {fileID: 8417485854657587445, guid: 962c9a97e4d4481459c0b134d75b9b79,
        type: 3}
      propertyPath: m_LocalPosition.y
      value: 1
      objectReference: {fileID: 0}
    - target: {fileID: 8417485854657587445, guid: 962c9a97e4d4481459c0b134d75b9b79,
        type: 3}
      propertyPath: m_LocalPosition.z
      value: -119.18
      objectReference: {fileID: 0}
    - target: {fileID: 8417485854657587445, guid: 962c9a97e4d4481459c0b134d75b9b79,
        type: 3}
      propertyPath: m_LocalRotation.x
      value: -0
      objectReference: {fileID: 0}
    - target: {fileID: 8417485854657587445, guid: 962c9a97e4d4481459c0b134d75b9b79,
        type: 3}
      propertyPath: m_LocalRotation.y
      value: 0.9288583
      objectReference: {fileID: 0}
    - target: {fileID: 8417485854657587445, guid: 962c9a97e4d4481459c0b134d75b9b79,
        type: 3}
      propertyPath: m_LocalRotation.z
      value: -0
      objectReference: {fileID: 0}
    - target: {fileID: 8417485854657587445, guid: 962c9a97e4d4481459c0b134d75b9b79,
        type: 3}
      propertyPath: m_LocalRotation.w
      value: 0.3704353
      objectReference: {fileID: 0}
    - target: {fileID: 8417485854657587445, guid: 962c9a97e4d4481459c0b134d75b9b79,
        type: 3}
      propertyPath: m_RootOrder
      value: 3
      objectReference: {fileID: 0}
    - target: {fileID: 8417485854657587445, guid: 962c9a97e4d4481459c0b134d75b9b79,
        type: 3}
      propertyPath: m_LocalEulerAnglesHint.x
      value: 0
      objectReference: {fileID: 0}
    - target: {fileID: 8417485854657587445, guid: 962c9a97e4d4481459c0b134d75b9b79,
        type: 3}
      propertyPath: m_LocalEulerAnglesHint.y
      value: 136.515
      objectReference: {fileID: 0}
    - target: {fileID: 8417485854657587445, guid: 962c9a97e4d4481459c0b134d75b9b79,
        type: 3}
      propertyPath: m_LocalEulerAnglesHint.z
      value: 0
      objectReference: {fileID: 0}
    m_RemovedComponents: []
  m_SourcePrefab: {fileID: 100100000, guid: 962c9a97e4d4481459c0b134d75b9b79, type: 3}
--- !u!4 &389946156730333495 stripped
Transform:
  m_CorrespondingSourceObject: {fileID: 8417485854657587445, guid: 962c9a97e4d4481459c0b134d75b9b79,
    type: 3}
  m_PrefabInstance: {fileID: 8194782481775137218}
  m_PrefabAsset: {fileID: 0}
--- !u!114 &389946156730333449 stripped
MonoBehaviour:
  m_CorrespondingSourceObject: {fileID: 8417485854657587403, guid: 962c9a97e4d4481459c0b134d75b9b79,
    type: 3}
  m_PrefabInstance: {fileID: 8194782481775137218}
  m_PrefabAsset: {fileID: 0}
  m_GameObject: {fileID: 0}
  m_Enabled: 1
  m_EditorHideFlags: 0
  m_Script: {fileID: 11500000, guid: 9eb7beca097d13c4e9693130107cf5ab, type: 3}
  m_Name: 
  m_EditorClassIdentifier: 
--- !u!1001 &8194782482024578355
PrefabInstance:
  m_ObjectHideFlags: 0
  serializedVersion: 2
  m_Modification:
    m_TransformParent: {fileID: 8194782481761066660}
    m_Modifications:
    - target: {fileID: 3024947740685353460, guid: 962c9a97e4d4481459c0b134d75b9b79,
        type: 3}
      propertyPath: m_LocalPosition.x
      value: -8.36
      objectReference: {fileID: 0}
    - target: {fileID: 3024947740685353460, guid: 962c9a97e4d4481459c0b134d75b9b79,
        type: 3}
      propertyPath: m_LocalPosition.z
      value: -17.26
      objectReference: {fileID: 0}
    - target: {fileID: 8417485854657587402, guid: 962c9a97e4d4481459c0b134d75b9b79,
        type: 3}
      propertyPath: m_Name
      value: AreaTrigger (6)
      objectReference: {fileID: 0}
    - target: {fileID: 8417485854657587403, guid: 962c9a97e4d4481459c0b134d75b9b79,
        type: 3}
      propertyPath: _sheepsToPass.Array.size
      value: 2
      objectReference: {fileID: 0}
    - target: {fileID: 8417485854657587403, guid: 962c9a97e4d4481459c0b134d75b9b79,
        type: 3}
      propertyPath: _sheepsToAddOnHerd.Array.size
      value: 2
      objectReference: {fileID: 0}
    - target: {fileID: 8417485854657587403, guid: 962c9a97e4d4481459c0b134d75b9b79,
        type: 3}
      propertyPath: _areaCamera
      value: 
      objectReference: {fileID: 0}
    - target: {fileID: 8417485854657587403, guid: 962c9a97e4d4481459c0b134d75b9b79,
        type: 3}
      propertyPath: _sheepsToPass.Array.data[0]
      value: 
      objectReference: {fileID: 0}
    - target: {fileID: 8417485854657587403, guid: 962c9a97e4d4481459c0b134d75b9b79,
        type: 3}
      propertyPath: _shepherd
      value: 
      objectReference: {fileID: 0}
    - target: {fileID: 8417485854657587403, guid: 962c9a97e4d4481459c0b134d75b9b79,
        type: 3}
      propertyPath: _shepherdWaypoint
      value: 
      objectReference: {fileID: 0}
    - target: {fileID: 8417485854657587403, guid: 962c9a97e4d4481459c0b134d75b9b79,
        type: 3}
      propertyPath: _sheepsToPass.Array.data[1]
      value: 
      objectReference: {fileID: 0}
    - target: {fileID: 8417485854657587445, guid: 962c9a97e4d4481459c0b134d75b9b79,
        type: 3}
      propertyPath: m_LocalPosition.x
      value: -23.41
      objectReference: {fileID: 0}
    - target: {fileID: 8417485854657587445, guid: 962c9a97e4d4481459c0b134d75b9b79,
        type: 3}
      propertyPath: m_LocalPosition.y
      value: 0
      objectReference: {fileID: 0}
    - target: {fileID: 8417485854657587445, guid: 962c9a97e4d4481459c0b134d75b9b79,
        type: 3}
      propertyPath: m_LocalPosition.z
      value: -109.36
      objectReference: {fileID: 0}
    - target: {fileID: 8417485854657587445, guid: 962c9a97e4d4481459c0b134d75b9b79,
        type: 3}
      propertyPath: m_LocalRotation.x
      value: -0
      objectReference: {fileID: 0}
    - target: {fileID: 8417485854657587445, guid: 962c9a97e4d4481459c0b134d75b9b79,
        type: 3}
      propertyPath: m_LocalRotation.y
      value: 0.90986645
      objectReference: {fileID: 0}
    - target: {fileID: 8417485854657587445, guid: 962c9a97e4d4481459c0b134d75b9b79,
        type: 3}
      propertyPath: m_LocalRotation.z
      value: -0
      objectReference: {fileID: 0}
    - target: {fileID: 8417485854657587445, guid: 962c9a97e4d4481459c0b134d75b9b79,
        type: 3}
      propertyPath: m_LocalRotation.w
      value: 0.41490135
      objectReference: {fileID: 0}
    - target: {fileID: 8417485854657587445, guid: 962c9a97e4d4481459c0b134d75b9b79,
        type: 3}
      propertyPath: m_RootOrder
      value: 5
      objectReference: {fileID: 0}
    - target: {fileID: 8417485854657587445, guid: 962c9a97e4d4481459c0b134d75b9b79,
        type: 3}
      propertyPath: m_LocalEulerAnglesHint.x
      value: 0
      objectReference: {fileID: 0}
    - target: {fileID: 8417485854657587445, guid: 962c9a97e4d4481459c0b134d75b9b79,
        type: 3}
      propertyPath: m_LocalEulerAnglesHint.y
      value: 130.974
      objectReference: {fileID: 0}
    - target: {fileID: 8417485854657587445, guid: 962c9a97e4d4481459c0b134d75b9b79,
        type: 3}
      propertyPath: m_LocalEulerAnglesHint.z
      value: 0
      objectReference: {fileID: 0}
    m_RemovedComponents: []
  m_SourcePrefab: {fileID: 100100000, guid: 962c9a97e4d4481459c0b134d75b9b79, type: 3}
--- !u!4 &389946156439213510 stripped
Transform:
  m_CorrespondingSourceObject: {fileID: 8417485854657587445, guid: 962c9a97e4d4481459c0b134d75b9b79,
    type: 3}
  m_PrefabInstance: {fileID: 8194782482024578355}
  m_PrefabAsset: {fileID: 0}
--- !u!114 &389946156439213560 stripped
MonoBehaviour:
  m_CorrespondingSourceObject: {fileID: 8417485854657587403, guid: 962c9a97e4d4481459c0b134d75b9b79,
    type: 3}
  m_PrefabInstance: {fileID: 8194782482024578355}
  m_PrefabAsset: {fileID: 0}
  m_GameObject: {fileID: 0}
  m_Enabled: 1
  m_EditorHideFlags: 0
  m_Script: {fileID: 11500000, guid: 9eb7beca097d13c4e9693130107cf5ab, type: 3}
  m_Name: 
  m_EditorClassIdentifier: 
--- !u!1001 &8194782482298314306
PrefabInstance:
  m_ObjectHideFlags: 0
  serializedVersion: 2
  m_Modification:
    m_TransformParent: {fileID: 8194782481761066660}
    m_Modifications:
    - target: {fileID: 3024947740685353460, guid: 962c9a97e4d4481459c0b134d75b9b79,
        type: 3}
      propertyPath: m_LocalPosition.x
      value: -11.42
      objectReference: {fileID: 0}
    - target: {fileID: 3024947740685353460, guid: 962c9a97e4d4481459c0b134d75b9b79,
        type: 3}
      propertyPath: m_LocalPosition.z
      value: -20.57
      objectReference: {fileID: 0}
    - target: {fileID: 8417485854657587402, guid: 962c9a97e4d4481459c0b134d75b9b79,
        type: 3}
      propertyPath: m_Name
      value: AreaTrigger (3)
      objectReference: {fileID: 0}
    - target: {fileID: 8417485854657587403, guid: 962c9a97e4d4481459c0b134d75b9b79,
        type: 3}
      propertyPath: _sheepsToPass.Array.size
      value: 2
      objectReference: {fileID: 0}
    - target: {fileID: 8417485854657587403, guid: 962c9a97e4d4481459c0b134d75b9b79,
        type: 3}
      propertyPath: _sheepsToAddOnHerd.Array.size
      value: 2
      objectReference: {fileID: 0}
    - target: {fileID: 8417485854657587403, guid: 962c9a97e4d4481459c0b134d75b9b79,
        type: 3}
      propertyPath: _areaCamera
      value: 
      objectReference: {fileID: 0}
    - target: {fileID: 8417485854657587403, guid: 962c9a97e4d4481459c0b134d75b9b79,
        type: 3}
      propertyPath: _sheepsToPass.Array.data[0]
      value: 
      objectReference: {fileID: 0}
    - target: {fileID: 8417485854657587403, guid: 962c9a97e4d4481459c0b134d75b9b79,
        type: 3}
      propertyPath: _shepherd
      value: 
      objectReference: {fileID: 0}
    - target: {fileID: 8417485854657587403, guid: 962c9a97e4d4481459c0b134d75b9b79,
        type: 3}
      propertyPath: _shepherdWaypoint
      value: 
      objectReference: {fileID: 0}
    - target: {fileID: 8417485854657587403, guid: 962c9a97e4d4481459c0b134d75b9b79,
        type: 3}
      propertyPath: _sheepsToPass.Array.data[1]
      value: 
      objectReference: {fileID: 0}
    - target: {fileID: 8417485854657587403, guid: 962c9a97e4d4481459c0b134d75b9b79,
        type: 3}
      propertyPath: _gateRotationDegrees
      value: 138
      objectReference: {fileID: 0}
    - target: {fileID: 8417485854657587444, guid: 962c9a97e4d4481459c0b134d75b9b79,
        type: 3}
      propertyPath: m_Size.x
      value: 7.1738677
      objectReference: {fileID: 0}
    - target: {fileID: 8417485854657587444, guid: 962c9a97e4d4481459c0b134d75b9b79,
        type: 3}
      propertyPath: m_Center.x
      value: 0.55822587
      objectReference: {fileID: 0}
    - target: {fileID: 8417485854657587444, guid: 962c9a97e4d4481459c0b134d75b9b79,
        type: 3}
      propertyPath: m_Center.z
      value: -0.0000000032598297
      objectReference: {fileID: 0}
    - target: {fileID: 8417485854657587445, guid: 962c9a97e4d4481459c0b134d75b9b79,
        type: 3}
      propertyPath: m_LocalPosition.x
      value: 105.67
      objectReference: {fileID: 0}
    - target: {fileID: 8417485854657587445, guid: 962c9a97e4d4481459c0b134d75b9b79,
        type: 3}
      propertyPath: m_LocalPosition.y
      value: 1
      objectReference: {fileID: 0}
    - target: {fileID: 8417485854657587445, guid: 962c9a97e4d4481459c0b134d75b9b79,
        type: 3}
      propertyPath: m_LocalPosition.z
      value: -91.92
      objectReference: {fileID: 0}
    - target: {fileID: 8417485854657587445, guid: 962c9a97e4d4481459c0b134d75b9b79,
        type: 3}
      propertyPath: m_LocalRotation.x
      value: -0
      objectReference: {fileID: 0}
    - target: {fileID: 8417485854657587445, guid: 962c9a97e4d4481459c0b134d75b9b79,
        type: 3}
      propertyPath: m_LocalRotation.y
      value: -0.38997814
      objectReference: {fileID: 0}
    - target: {fileID: 8417485854657587445, guid: 962c9a97e4d4481459c0b134d75b9b79,
        type: 3}
      propertyPath: m_LocalRotation.z
      value: -0
      objectReference: {fileID: 0}
    - target: {fileID: 8417485854657587445, guid: 962c9a97e4d4481459c0b134d75b9b79,
        type: 3}
      propertyPath: m_LocalRotation.w
      value: 0.92082417
      objectReference: {fileID: 0}
    - target: {fileID: 8417485854657587445, guid: 962c9a97e4d4481459c0b134d75b9b79,
        type: 3}
      propertyPath: m_RootOrder
      value: 2
      objectReference: {fileID: 0}
    - target: {fileID: 8417485854657587445, guid: 962c9a97e4d4481459c0b134d75b9b79,
        type: 3}
      propertyPath: m_LocalEulerAnglesHint.x
      value: 0
      objectReference: {fileID: 0}
    - target: {fileID: 8417485854657587445, guid: 962c9a97e4d4481459c0b134d75b9b79,
        type: 3}
      propertyPath: m_LocalEulerAnglesHint.y
      value: -45.906002
      objectReference: {fileID: 0}
    - target: {fileID: 8417485854657587445, guid: 962c9a97e4d4481459c0b134d75b9b79,
        type: 3}
      propertyPath: m_LocalEulerAnglesHint.z
      value: 0
      objectReference: {fileID: 0}
    m_RemovedComponents: []
  m_SourcePrefab: {fileID: 100100000, guid: 962c9a97e4d4481459c0b134d75b9b79, type: 3}
--- !u!4 &389946156173604535 stripped
Transform:
  m_CorrespondingSourceObject: {fileID: 8417485854657587445, guid: 962c9a97e4d4481459c0b134d75b9b79,
    type: 3}
  m_PrefabInstance: {fileID: 8194782482298314306}
  m_PrefabAsset: {fileID: 0}
--- !u!114 &389946156173604489 stripped
MonoBehaviour:
  m_CorrespondingSourceObject: {fileID: 8417485854657587403, guid: 962c9a97e4d4481459c0b134d75b9b79,
    type: 3}
  m_PrefabInstance: {fileID: 8194782482298314306}
  m_PrefabAsset: {fileID: 0}
  m_GameObject: {fileID: 0}
  m_Enabled: 1
  m_EditorHideFlags: 0
  m_Script: {fileID: 11500000, guid: 9eb7beca097d13c4e9693130107cf5ab, type: 3}
  m_Name: 
  m_EditorClassIdentifier: 
